[Event "Team 45 45 League T65"]
[Site "Internet Chess Club"]
[Date "2015.07.12"]
[Round "6"]
[White "JefferyChess"]
[Black "primerpaso"]
[Result "0-1"]
[WhiteElo "1793"]
[BlackElo "1864"]
[Opening "Sicilian: Najdorf, Opocensky variation"]
[ECO "B92"]
[Time "21:00:27"]
[TimeControl "2700+45"]

1. e4 c5 2. Nf3 d6 3. d4 cxd4 4. Nxd4 Nf6 5. Nc3 a6 6. Be2 e5 7. Nb3 Be6 8. Be3
Nbd7 9. O-O Qc7 10. f3 b5 11. a3 Nb6 12. Rc1 Be7 13. Kh1 Rd8 14. Bxb6 Qxb6 15.
Nd5 Bxd5 16. exd5 O-O 17. f4 Ne4 18. Qe1 f5 19. Bd3 exf4 20. Bxe4 fxe4 21. Qxe4
Bf6 22. c3 Rde8 23. Qf3 Be5 24. Rcd1 Qe3 25. Rd3 Qxf3 26. Rdxf3 g5 27. h3 Bg7
28. R3f2 Re5 29. Rd1 Ref5 30. Rd3 Re8 31. Na5 Re1+ 32. Kh2 h5 33. g3 fxg3+ 34.
Kxg3 Rg1+ 35. Rg2 Re1 36. Nc6 Kh7 37. Rf2 Rg1+ 38. Rg2 h4+ 39. Kh2 Re1 40. Rdd2
Be5+ 41. Nxe5 Rexe5 42. Rge2 Rxe2+ 43. Rxe2 Rxd5 44. Kg2 Kg6 45. Kf3 Kf5 46. Kg2
Kf4 47. Kf2 Rd3 48. Kg2 Rg3+ 49. Kh2 Kf3 50. Rd2 a5 51. Rd3+ Kf4 52. Rxd6 Re3
53. Rf6+ Ke4 54. Rf2 Kd3 55. Rf5 Re2+ 56. Kg1 Rxb2 57. a4 b4 58. cxb4 axb4 59.
Rb5 b3 60. a5 Kc4 61. Rb8 Ra2 62. Rc8+ Kd3 63. Rd8+ Ke4 64. Re8+ Kf3 65. Rb8 b2
66. Rb3+ Ke4 67. Rb4+ Kd3 68. a6 Ra1+ 69. Kg2 b1=Q 70. Rxb1 Rxb1 71. Kf3 Ra1 72.
Kg4 Rxa6 73. Kxg5 Ra4 74. Kf5 Ke3 75. Kg5 Kf3 76. Kh5 Kg3 77. Kg5 Ra5+ 78. Kf6
Kxh3 {White resigns} 0-1

[Event "Team 45 45 League T65"]
[Site "Internet Chess Club"]
[Date "2015.07.10"]
[Round "6"]
[White "pcvan"]
[Black "Constrictor"]
[Result "0-1"]
[WhiteElo "1571"]
[BlackElo "1602"]
[Opening "Alekhine's defense: exchange variation"]
[ECO "B03"]
[Time "20:03:41"]
[TimeControl "2700+45"]

1. e4 Nf6 2. e5 Nd5 3. d4 d6 4. c4 Nb6 5. exd6 cxd6 6. Nc3 g6 7. Be3 Bg7 8. Rc1
O-O 9. b3 Nc6 10. d5 Ne5 11. Be2 e6 12. Nf3 exd5 13. Nxd5 Be6 14. O-O Nxd5 15.
cxd5 Nxf3+ 16. Bxf3 Bf5 17. Qd2 a6 18. a4 Rc8 19. Rxc8 Qxc8 20. h4 Qc3 21. Qxc3
Bxc3 22. Rc1 Rc8 23. Bd2 Bxd2 24. Rxc8+ Bxc8 25. g4 Kg7 26. Kg2 Kf6 27. Be2 Ke5
28. Kf3 {White resigns} 0-1

[Event "Team 45 45 League T65"]
[Site "Internet Chess Club"]
[Date "2015.07.11"]
[Round "6"]
[White "elessar"]
[Black "ElMarginal"]
[Result "0-1"]
[WhiteElo "1605"]
[BlackElo "1680"]
[Opening "KP: Nimzovich defense"]
[ECO "B00"]
[Time "19:09:24"]
[TimeControl "2700+45"]

1. e4 Nc6 2. d4 d5 3. e5 Bf5 4. c3 f6 5. f4 Qd7 6. h3 fxe5 7. fxe5 e6 8. Bd3
Bxd3 9. Qxd3 Nge7 10. Ne2 Nf5 11. O-O Be7 12. Nd2 O-O 13. Nf3 Kh8 14. Bg5 Bxg5
15. Nxg5 h6 16. Nf3 Rf7 17. Nf4 Nce7 18. Kh2 Raf8 19. Nh5 Ng6 20. g4 Nfh4 21.
Nxh4 Nxh4 22. Rxf7 Qxf7 23. Kg3 Qf2# {White checkmated} 0-1

[Event "Team 45 45 League T65"]
[Site "Internet Chess Club"]
[Date "2015.07.11"]
[Round "6"]
[White "gokuxxx"]
[Black "Hal2001"]
[Result "1-0"]
[WhiteElo "1386"]
[BlackElo "1590"]
[Opening "Dunst (Sleipner, Heinrichsen) opening"]
[ECO "A00"]
[Time "19:55:23"]
[TimeControl "2700+45"]

1. Nc3 c5 2. Nf3 g6 3. e4 Nc6 4. Bc4 Bg7 5. O-O Nf6 6. d3 d6 7. Bg5 O-O 8. a3
Bd7 9. Rb1 a6 10. Qd2 b5 11. Bb3 Nd4 12. Nxd4 cxd4 13. Ne2 e5 14. c3 dxc3 15.
Nxc3 Qa5 16. d4 Bc6 17. dxe5 Ng4 18. e6 Bxc3 19. exf7+ Kg7 20. bxc3 Qxa3 21.
Qd4+ Ne5 22. f4 h6 23. fxe5 hxg5 24. e6+ Kh7 25. e7 {Black resigns} 1-0

[Event "Team 45 45 League T65"]
[Site "Internet Chess Club"]
[Date "2015.07.10"]
[Round "6"]
[White "Egmont"]
[Black "az2112"]
[Result "1-0"]
[WhiteElo "1728"]
[BlackElo "1611"]
[Opening "Queen's pawn game"]
[ECO "D04"]
[Time "11:00:13"]
[TimeControl "2700+45"]

1. d4 d5 2. Nf3 Nf6 3. e3 Bf5 4. Bd3 Bg6 5. Qe2 e6 6. Nbd2 Bd6 7. e4 dxe4 8.
Nxe4 Nxe4 9. Bxe4 Bxe4 10. Qxe4 Nc6 11. d5 Nb4 12. dxe6 fxe6 13. Qxe6+ Qe7 14.
Qxe7+ Bxe7 15. O-O Nxc2 16. Rb1 Nb4 17. a3 Nc6 18. Re1 O-O-O 19. b4 Bf6 20. Be3
Nd4 21. Ng5 Rd5 22. Ne4 Be7 23. Rbc1 Nc6 24. Nc3 Rd7 25. b5 Ne5 26. Ra1 Nc4 27.
Bxa7 Nxa3 28. Be3 Kb8 29. Rec1 Nc4 30. Ba7+ Kc8 31. Bc5 Kb8 32. Bxe7 Rxe7 33.
Nd5 Rd7 34. Rxc4 {Black resigns} 1-0

[Event "Team 45 45 League T65"]
[Site "Internet Chess Club"]
[Date "2015.07.11"]
[Round "6"]
[White "SugarIslander"]
[Black "AVEMARIA"]
[Result "1-0"]
[WhiteElo "1604"]
[BlackElo "1623"]
[Opening "QGD Slav: Krause attack"]
[ECO "D17"]
[Time "14:00:52"]
[TimeControl "2700+45"]

1. d4 d5 2. c4 c6 3. Nf3 Nf6 4. Nc3 dxc4 5. a4 Bf5 6. Ne5 Nbd7 7. Nxc4 Nb6 8.
Ne5 a5 9. e3 e6 10. Bd3 Bxd3 11. Qxd3 Nfd7 12. Nxd7 Nxd7 13. O-O Be7 14. Rd1 O-O
15. e4 Bb4 16. Be3 Qe7 17. Na2 Rfd8 18. Nxb4 Qxb4 19. Qc3 Qe7 20. b3 Nf6 21. f3
h6 22. Rac1 Re8 23. Rd2 Ra6 24. Rdc2 Nd7 25. Qd3 Raa8 26. Bf2 Red8 27. Qc3 Nf6
28. Rd2 Rd7 29. Rcd1 Qd8 30. Qc5 Ra6 31. Bg3 Qe7 32. Kf2 Ra8 33. Ke3 Qxc5 34.
dxc5 Rad8 35. Rd6 Kf8 36. Be5 Rxd6 37. cxd6 Rd7 38. Bc3 b6 39. h3 Ne8 40. e5 g6
41. f4 Ng7 42. g4 h5 43. b4 axb4 44. Bxb4 hxg4 45. hxg4 Ke8 46. Rb1 Rb7 47. Be1
Kd7 48. Bf2 Ne8 49. Kd3 b5 50. axb5 cxb5 51. Kd4 Nxd6 52. exd6 Kxd6 53. Be1 f6
54. Bb4+ Kd7 55. Rh1 Kc6 56. Rc1+ Kd7 57. Re1 Rc7 58. Kd3 Rc4 59. Re4 Rc1 60.
Rd4+ Kc6 61. Rd6+ Kb7 62. Rxe6 Rd1+ 63. Ke3 Rb1 64. Re4 f5 65. gxf5 gxf5 66. Rd4
Rb3+ 67. Kd2 Rf3 68. Bd6 Kc6 69. Bb4 Rf1 70. Ke2 Rb1 71. Kf3 Rb3+ 72. Kg2 Rb2+
73. Kh3 Rb1 74. Kh4 Rg1 75. Rd6+ Kb7 76. Rd4 Kc6 77. Kh5 Rg4 78. Bd6 Rg8 79. Be5
Kc5 80. Rd7 b4 81. Rg7 Rf8 82. Rg6 b3 83. Bd6+ Kd5 84. Bxf8 {Black resigns} 1-0

[Event "Team 45 45 League T65"]
[Site "Internet Chess Club"]
[Date "2015.07.11"]
[Round "6"]
[White "whiskeytown"]
[Black "Innes"]
[Result "1-0"]
[WhiteElo "1584"]
[BlackElo "1593"]
[Opening "Latvian counter-gambit"]
[ECO "C40"]
[Time "17:15:49"]
[TimeControl "2700+45"]

1. e4 e5 2. Nf3 f5 3. Nxe5 Qf6 4. d4 d6 5. Nc4 fxe4 6. Nc3 Qg6 7. g3 Nf6 8. Bg2
Nbd7 9. O-O c6 10. Nxe4 d5 11. Nxf6+ Nxf6 12. Ne5 Qf5 13. c3 Be6 14. Re1 O-O-O
15. Qf3 Qxf3 16. Bxf3 Bd6 17. Nxc6 bxc6 18. Rxe6 Rhe8 19. Rxe8 Rxe8 20. Bd2 Ne4
21. Bxe4 Rxe4 22. Re1 g6 23. Rxe4 dxe4 24. Kf1 Kd7 25. Ke2 Ke6 26. Ke3 Kd5 27.
b3 c5 28. c4+ Kc6 29. dxc5 Bxc5+ 30. Kxe4 Bxf2 31. Be3 Be1 32. g4 a6 33. h3 Bc3
34. Bd4 Bb4 35. Ke5 Be7 36. Ke6 {Black resigns} 1-0

[Event "Team 45 45 League T65"]
[Site "Internet Chess Club"]
[Date "2015.07.10"]
[Round "6"]
[White "dabodhi"]
[Black "tightfist"]
[Result "1-0"]
[WhiteElo "1301"]
[BlackElo "1512"]
[Opening "French: Burn variation"]
[ECO "C11"]
[Time "21:04:44"]
[TimeControl "2700+45"]

1. e4 e6 2. d4 d5 3. Nc3 Nf6 4. Bg5 dxe4 5. Nxe4 Be7 6. Bxf6 Bxf6 7. Nf3 O-O 8.
Qd2 Nc6 9. c3 a6 10. Be2 b6 11. h4 Bb7 12. Qe3 Re8 13. O-O-O h6 14. g4 Be7 15.
g5 f5 16. Nf6+ Bxf6 17. gxf6 Qxf6 18. Rhg1 Rad8 19. h5 Ne7 20. Ne5 b5 21. Ng6
Nd5 22. Qg3 f4 23. Qg4 Qf5 24. Bd3 Qxg4 25. Rxg4 Nf6 26. Rxf4 Nxh5 27. Rh4 Nf6
28. Rg1 c5 29. Ne5 cxd4 30. Rxh6 Kf8 31. Ng6+ Kf7 32. Ne5+ Kg8 33. Rxf6 dxc3 34.
bxc3 Bd5 35. Rf7 Bxa2 36. Rgxg7+ Kh8 37. Ng6# {Black checkmated} 1-0

[Event "Team 45 45 League T65"]
[Site "Internet Chess Club"]
[Date "2015.07.08"]
[Round "6"]
[White "BJJ"]
[Black "Chess4Him"]
[Result "1/2-1/2"]
[WhiteElo "1457"]
[BlackElo "1548"]
[Opening "Robatsch defense: two knights variation"]
[ECO "B06"]
[Time "19:39:51"]
[TimeControl "2700+45"]

1. e4 g6 2. d4 Bg7 3. Nf3 d6 4. Nc3 a6 5. Bc4 e6 6. O-O b5 7. Bb3 Bb7 8. Re1 Nd7
9. Qd3 c5 10. Bd5 exd5 11. exd5+ Ne7 12. Qe2 cxd4 13. Ne4 Ne5 14. Nfg5 O-O 15.
f4 Nc4 16. Qg4 h5 17. Qh3 Bc8 18. Qd3 Nxd5 19. b3 Nce3 20. g3 Bf5 21. Bd2 Re8
22. Bxe3 Nxe3 23. Rxe3 dxe3 24. Qd5 Be6 25. Nxe6 Rxe6 26. Re1 Rc8 27. Rxe3 Qb6
28. Kf2 Bd4 29. Ng5 Bxe3+ 30. Kf1 Qc6 31. Qxc6 Rxc6 32. Nxe6 fxe6 33. Ke2 Bg1
34. h3 Rxc2+ 35. Kf3 Rxa2 36. g4 hxg4+ 37. Kxg4 Kg7 38. h4 Rb2 39. h5 Rxb3 40.
f5 exf5+ 41. Kf4 Be3+ 42. Kf3 g5 43. h6+ Kxh6 44. Ke2 g4 45. Kf1 f4 46. Kg2 Rb2+
47. Kh1 Kh5 {White stalemated} 1/2-1/2

[Event "Team 45 45 League T65"]
[Site "Internet Chess Club"]
[Date "2015.07.10"]
[Round "6"]
[White "Ostap-Bender"]
[Black "KidRattler"]
[Result "0-1"]
[WhiteElo "1421"]
[BlackElo "1662"]
[Opening "Dutch defense"]
[ECO "A81"]
[Time "14:57:14"]
[TimeControl "2700+45"]

1. d4 f5 2. g3 Nf6 3. Bg2 e6 4. e3 d5 5. Nf3 Nbd7 6. O-O Bd6 7. Nbd2 c5 8. c3 h6
9. h3 Qc7 10. Nh2 O-O 11. f4 Ne4 12. Nxe4 dxe4 13. Qb3 Nb6 14. Rd1 c4 15. Qc2
Bd7 16. Qe2 Ba4 17. Re1 Qf7 18. Rb1 a6 19. b3 cxb3 20. axb3 Bd7 21. c4 Rac8 22.
Bb2 Bb4 23. Rec1 Kh7 24. Bc3 Bxc3 25. Rxc3 Rg8 26. Ra1 Nd5 27. Rcc1 Nb4 28. Qd2
Nd3 29. Rc2 g5 30. Bf1 gxf4 31. g4 fxg4 32. hxg4 Qg6 {White resigns} 0-1

[Event "Team 45 45 League T65"]
[Site "Internet Chess Club"]
[Date "2015.07.11"]
[Round "6"]
[White "Just-Jim"]
[Black "stantheman59"]
[Result "0-1"]
[WhiteElo "1303"]
[BlackElo "1281"]
[Opening "Queen's pawn game"]
[ECO "D00"]
[Time "17:30:20"]
[TimeControl "2700+45"]

1. d4 d5 2. f4 Bf5 3. e3 Nf6 4. Be2 e6 5. Nf3 Be7 6. c3 O-O 7. Qc2 Bxc2 8. O-O
Bxb1 9. Rxb1 b6 10. Ne5 Qd6 11. Bd2 Nfd7 12. Nd3 Nf6 13. Bf3 c6 14. Nf2 Nbd7 15.
e4 dxe4 16. Nxe4 Nxe4 17. Bxe4 Rac8 18. Rf3 Nf6 19. Bd3 c5 20. Ba6 Rc7 21. f5
cxd4 22. Bf4 e5 23. Bg3 Ne4 24. Be1 dxc3 25. Rd3 Qc5+ 26. Kf1 Rd8 27. Rxd8+ Bxd8
28. Rd1 Bf6 29. g3 cxb2 30. Bd3 Qc1 31. Rxc1 bxc1=Q 32. Bxe4 Qc4+ {White
resigns} 0-1

[Event "Team 45 45 League T65"]
[Site "Internet Chess Club"]
[Date "2015.07.10"]
[Round "6"]
[White "Tjet"]
[Black "tryanything"]
[Result "1/2-1/2"]
[WhiteElo "1525"]
[BlackElo "1612"]
[Opening "English opening"]
[ECO "A20"]
[Time "19:01:24"]
[TimeControl "2700+45"]

1. c4 e5 2. g3 Nf6 3. Bg2 c6 4. Nc3 Be7 5. e4 O-O 6. Nge2 a6 7. a3 b5 8. cxb5
axb5 9. Rb1 Ba6 10. O-O d5 11. d4 exd4 12. Qxd4 dxe4 13. Qxd8 Rxd8 14. Nxe4 Nxe4
15. Bxe4 Ra7 16. Be3 Rad7 17. b4 Bb7 18. h4 g6 19. Bb6 Re8 20. Bg2 Bd8 21. Be3
Na6 22. Nd4 c5 23. bxc5 Bxg2 24. Kxg2 Nxc5 25. Rxb5 {Game drawn by mutual
agreement} 1/2-1/2

[Event "Team 45 45 League T65"]
[Site "Internet Chess Club"]
[Date "2015.07.11"]
[Round "6"]
[White "houseofcook"]
[Black "ShadowKing"]
[Result "1-0"]
[WhiteElo "1416"]
[BlackElo "1417"]
[Opening "Scotch gambit"]
[ECO "C44"]
[Time "05:02:01"]
[TimeControl "2700+45"]

1. e4 e5 2. Nf3 Nc6 3. d4 exd4 4. Bc4 h6 5. O-O Bc5 6. e5 Nge7 7. c3 dxc3 8.
Nxc3 O-O 9. a3 d6 10. b4 Bb6 11. exd6 Qxd6 12. Qxd6 cxd6 13. Bf4 Bc7 14. Nd5
Nxd5 15. Bxd5 Be6 16. Rfd1 Bxd5 17. Rxd5 Rad8 18. Rad1 Ne7 19. R5d3 Nc8 20. Nd4
Rfe8 21. Nb5 Bb8 22. h3 Re6 23. Rc3 a6 24. Nc7 Re7 25. Nd5 Red7 26. Rdc1 Ne7 27.
Nb6 Ng6 28. Nxd7 Nxf4 29. R1c2 Ba7 30. Rc8 Rxc8 31. Rxc8+ Kh7 32. Rc7 d5 33.
Rxb7 Bd4 34. Nc5 Ne6 35. Nxa6 Bc3 36. Rxf7 d4 37. Nc5 Nd8 38. Rd7 Nc6 39. b5 Na5
40. b6 {Black resigns} 1-0

[Event "Team 45 45 League T65"]
[Site "Internet Chess Club"]
[Date "2015.07.12"]
[Round "6"]
[White "Fogbound"]
[Black "guyd52"]
[Result "0-1"]
[WhiteElo "1279"]
[BlackElo "1331"]
[Opening "Modern defense"]
[ECO "A40"]
[Time "09:00:35"]
[TimeControl "2700+45"]

1. d4 g6 2. Bg5 Bg7 3. e3 Nf6 4. Bd3 d6 5. Nf3 O-O 6. Nbd2 Nbd7 7. c3 Re8 8. e4
e5 9. O-O c6 10. Nc4 Qc7 11. Re1 b5 12. Ncd2 Bb7 13. Qc2 a5 14. a3 a4 15. Rac1
Qb6 16. Be3 Ng4 17. Bg5 exd4 18. h3 dxc3 19. hxg4 cxd2 20. Qxd2 Ne5 21. Be3 Qa5
22. Qe2 Nxg4 23. Bd2 Qc7 24. g3 Bxb2 25. Rc2 Bxa3 26. Ng5 f6 27. Qxg4 Bc8 28.
Qe2 fxg5 29. Bxb5 Bd7 30. Qc4+ Re6 31. Bxg5 Qa5 32. Bd2 Qxb5 33. Qa2 Bc5 34. Rb2
Qa6 35. Qb1 Bc8 36. Bh6 Bd4 37. Rd2 Bc3 38. Qc2 Bxd2 39. Qxd2 Qc4 40. Qf4 Bb7
41. Qg4 c5 42. Rc1 Qxe4 43. Qh3 a3 44. Bd2 a2 45. Re1 a1=Q {White resigns} 0-1

[Event "Team 45 45 League T65"]
[Site "Internet Chess Club"]
[Date "2015.07.18"]
[Round "6"]
[White "SlimeDog2"]
[Black "santiagoelawad"]
[Result "1-0"]
[WhiteElo "2055"]
[BlackElo "2085"]
[Opening "QGD Slav: 4.e3 Bf5"]
[ECO "D12"]
[Time "17:00:09"]
[TimeControl "2700+45"]

1. d4 d5 2. c4 c6 3. Nf3 Nf6 4. e3 Bf5 5. Nc3 e6 6. Nh4 Bg6 7. Qb3 Qb6 8. Nxg6
hxg6 9. Bd2 Nbd7 10. Be2 Rc8 11. Qxb6 axb6 12. cxd5 exd5 13. Rc1 Bd6 14. Bf3 O-O
15. h4 Rfe8 16. g4 Ne4 17. Nxe4 dxe4 18. Bg2 Nf6 19. g5 Nd5 20. h5 Rc7 21. Ke2
Bf8 22. hxg6 fxg6 23. Rh4 Rce7 24. Rch1 Re6 25. Rg4 Bd6 26. Rhh4 Bc7 27. Bxe4
Bd8 28. Bd3 b5 29. Rg3 Ne7 30. Rgh3 Nf5 31. Rg4 Nd6 32. Bb4 Ne4 33. f4 Nd6 34.
Kf2 Nf5 35. Bd2 Nd6 36. Rg1 Ne4+ 37. Bxe4 Rxe4 38. Bb4 Bc7 39. Rc1 Bxf4 40. exf4
Rxf4+ 41. Rf3 Rxd4 42. Bc3 Rd5 43. Rg1 Re4 44. a3 c5 45. Re3 Rf4+ 46. Ke2 b4 47.
axb4 cxb4 48. Bd2 Rfd4 49. Bc1 Rh4 50. Rf3 Rc4 51. Re1 Re5+ 52. Re3 Rc2+ 53. Kd1
Rxe3 54. Rxe3 Rc4 55. Bd2 Kf7 56. Rb3 Ke6 57. Rxb4 Rc7 58. Rb5 Rd7 59. Ke2 Kf7
60. Bc3 Ke6 61. Ke3 Rc7 62. Ke4 Rc4+ 63. Kd3 Rc7 64. Be5 Rd7+ 65. Ke4 Kf7 66.
Rd5 Re7 67. Rc5 {Black resigns} 1-0

[Event "Team 45 45 League T65"]
[Site "Internet Chess Club"]
[Date "2015.07.09"]
[Round "6"]
[White "primerpaso"]
[Black "sharky123"]
[Result "0-1"]
[WhiteElo "1833"]
[BlackElo "1835"]
[Opening "English: Sicilian reversed"]
[ECO "A25"]
[Time "22:01:22"]
[TimeControl "2700+45"]

1. c4 e5 2. Nc3 Nc6 3. g3 Nf6 4. Bg2 Bc5 5. Nd5 d6 6. e3 Bf5 7. d3 O-O 8. Ne2
Nxd5 9. cxd5 Ne7 10. O-O Qd7 11. d4 exd4 12. Nxd4 Bh3 13. Ne2 Bxg2 14. Kxg2 Qf5
15. Nc3 Ng6 16. e4 Qf6 17. Qf3 Qxf3+ 18. Kxf3 Ne5+ 19. Kg2 Nd3 20. Na4 Bb6 21.
f4 Rfe8 22. Kf3 Nc5 23. Nc3 Re7 24. b4 Nd3 25. Rb1 Nxc1 26. Rbxc1 Rae8 27. Rfe1
f5 28. Re2 Bd4 29. Nb5 fxe4+ 30. Kg4 Bb6 31. Rc4 a6 32. Nd4 Bxd4 33. Rxd4 Kf7
34. f5 Kf6 35. Kf4 Re5 36. g4 h6 37. Rdxe4 Rxe4+ 38. Rxe4 Rxe4+ 39. Kxe4 Kg5 40.
Kf3 c6 41. dxc6 bxc6 42. a4 d5 43. h3 Kh4 44. Kg2 d4 45. Kf3 Kxh3 46. Ke4 Kxg4
47. Kxd4 Kxf5 48. Kc5 h5 49. Kxc6 h4 50. b5 axb5 51. axb5 h3 52. b6 h2 53. b7
h1=Q+ 54. Kc7 Qxb7+ {White resigns} 0-1

[Event "Team 45 45 League T65"]
[Site "Internet Chess Club"]
[Date "2015.07.14"]
[Round "6"]
[White "Holzschlange"]
[Black "frank001"]
[Result "1/2-1/2"]
[WhiteElo "1831"]
[BlackElo "1840"]
[Opening "Réti v Dutch"]
[ECO "A04"]
[Time "15:33:02"]
[TimeControl "2700+45"]

1. Nf3 f5 2. g3 Nf6 3. Bg2 g6 4. b4 Bg7 5. Bb2 O-O 6. c4 d6 7. d4 c6 8. O-O h6
9. Nc3 Be6 10. Qd3 Kh7 11. Rfe1 Bf7 12. e4 fxe4 13. Nxe4 a5 14. a3 Nbd7 15. Nfd2
Nxe4 16. Nxe4 Nb6 17. Nd2 Na4 18. Rab1 Nxb2 19. Rxb2 Qc7 20. Nf3 Rae8 21. Rbe2
Bf6 22. d5 axb4 23. axb4 Qb6 24. b5 cxb5 25. cxb5 Rc8 26. h4 Rc5 27. h5 Kg7 28.
Nh4 Qxb5 29. Qe4 Rxd5 30. hxg6 Bg8 31. Qc2 Rh5 32. Rxe7+ Bxe7 33. Rxe7+ Kf6 34.
Qc7 Qc5 35. Qxb7 Qc1+ 36. Kh2 Rxh4+ 37. gxh4 Qf4+ 38. Kg1 Qc1+ 39. Kh2 Qf4+ 40.
Kg1 Qc1+ {Game drawn by mutual agreement} 1/2-1/2

[Event "Team 45 45 League T65"]
[Site "Internet Chess Club"]
[Date "2015.07.12"]
[Round "6"]
[White "Portola"]
[Black "Konstantinos"]
[Result "1/2-1/2"]
[WhiteElo "1756"]
[BlackElo "1652"]
[Opening "Queen's pawn game"]
[ECO "D00"]
[Time "12:30:25"]
[TimeControl "2700+45"]

1. d4 d5 2. c3 Nf6 3. Nf3 e6 4. Bf4 b6 5. e3 Be7 6. Nbd2 O-O 7. Bd3 c5 8. a4 Ba6
9. Bxa6 Nxa6 10. Qe2 c4 11. e4 h6 12. e5 Nh7 13. O-O Nc7 14. h3 Qd7 15. Nh2 b5
16. axb5 Nxb5 17. g4 a5 18. Qd1 Rfb8 19. Qa4 Qd8 20. Bg3 Qe8 21. f4 Nc7 22.
Qxe8+ Nxe8 23. Ra2 Rb5 24. Rc1 Bd8 25. Nhf3 Rb7 26. Nf1 Nc7 27. Ne3 Be7 28. Rc2
Nb5 29. h4 a4 30. g5 h5 31. f5 g6 32. fxe6 fxe6 33. Ng2 a3 34. Nf4 Nf8 35. bxa3
Nxa3 36. Rcb2 Rab8 37. Rxb7 Rxb7 38. Nd2 Nb1 39. Nxb1 Rxb1+ 40. Kg2 Kf7 41. Ra8
Nd7 42. Kf3 Rc1 43. Ne2 Rf1+ 44. Ke3 Rd1 45. Kf2 Rb1 46. Ke3 Rd1 47. Kf2 Rb1 48.
Bf4 Rh1 49. Bg3 Rd1 50. Kg2 Rb1 51. Bf4 Rd1 52. Nc1 Re1 53. Kf2 Rh1 54. Kg3 Rg1+
{Game drawn by mutual agreement} 1/2-1/2

[Event "Team 45 45 League T65"]
[Site "Internet Chess Club"]
[Date "2015.07.09"]
[Round "6"]
[White "TerryMalloy"]
[Black "MikeTtheGuru"]
[Result "1/2-1/2"]
[WhiteElo "2040"]
[BlackElo "1948"]
[Opening "Caro-Kann: Steinitz variation"]
[ECO "B17"]
[Time "23:22:22"]
[TimeControl "2700+45"]

1. e4 c6 2. d4 d5 3. Nd2 dxe4 4. Nxe4 Nd7 5. Ng5 Ngf6 6. Bd3 e6 7. Qe2 Bd6 8.
N1f3 h6 9. Ne4 Nxe4 10. Qxe4 Nf6 11. Qe2 Qc7 12. Bd2 b6 13. O-O-O Bb7 14. Ne5
O-O-O 15. f4 c5 16. dxc5 Bxc5 17. Kb1 Kb8 18. Rhf1 Nd5 19. a3 Rhf8 20. g4 Ne7
21. Bc3 f6 22. Ng6 Nxg6 23. Bxg6 Rxd1+ 24. Rxd1 Rd8 25. Rxd8+ Qxd8 26. Qd3 {Game
drawn by mutual agreement} 1/2-1/2

[Event "Team 45 45 League T65"]
[Site "Internet Chess Club"]
[Date "2015.07.11"]
[Round "6"]
[White "jjimalo"]
[Black "Gojira"]
[Result "1-0"]
[WhiteElo "1877"]
[BlackElo "1676"]
[Opening "Queen's pawn game, Darooha variation "]
[ECO "D02"]
[Time "03:31:23"]
[TimeControl "2700+45"]

1. d4 d5 2. Nf3 Nf6 3. g3 Bf5 4. c4 c6 5. Bg2 e6 6. O-O Be7 7. b3 Nbd7 8. Nh4
Be4 9. f3 Bxb1 10. Rxb1 Qa5 11. Qc2 dxc4 12. bxc4 g5 13. Bd2 Qc7 14. Bxg5 Ng4
15. Bf4 e5 16. dxe5 Ngxe5 17. Bh3 Bxh4 18. Bxd7+ Qxd7 19. Bxe5 Rg8 20. Qxh7
{Black resigns} 1-0

[Event "Team 45 45 League T65"]
[Site "Internet Chess Club"]
[Date "2015.07.13"]
[Round "6"]
[White "CaptK"]
[Black "elmaestro"]
[Result "1/2-1/2"]
[WhiteElo "1974"]
[BlackElo "1805"]
[Opening "QGA: 4...e6"]
[ECO "D26"]
[Time "12:20:37"]
[TimeControl "2700+45"]

1. d4 d5 2. Nf3 Nf6 3. c4 dxc4 4. e3 e6 5. Bxc4 a6 6. Nc3 c5 7. O-O b5 8. Bd3
Bb7 9. a4 c4 10. Bb1 Be7 11. axb5 O-O 12. bxa6 Rxa6 13. Rxa6 Nxa6 14. Qe2 Qc7
15. Ba2 Rc8 16. Ne5 Nd5 17. Bxc4 Nxc3 18. bxc3 Qd6 19. Qg4 Bf6 20. f4 h5 21.
Qxh5 Rxc4 22. Nxc4 Qc6 23. Qf3 Qb5 24. Nd6 Bxf3 25. Nxb5 Be2 26. Rf2 Bxb5 27.
Rb2 Bd3 28. Kf2 Nc7 29. Rd2 Bc4 30. Ba3 Nd5 31. Bb4 Nxb4 32. cxb4 Be7 33. Rb2
Bb5 34. Ke1 Kf8 35. Kd2 Ke8 36. Kc3 Bd8 37. g3 f5 38. h3 g5 39. Rh2 Kf7 40. g4
Kg6 41. Rg2 Bf1 42. Rg3 fxg4 43. hxg4 Bc7 44. Rg1 Be2 45. Kd2 Bf3 46. fxg5 Kxg5
47. b5 Be4 48. Kc3 Bh2 49. Ra1 Kxg4 50. b6 Kf3 51. Ra2 Bg1 52. Ra7 Kxe3 53. b7
Bh2 54. Kc4 Bd5+ 55. Kc5 Bb8 56. Ra8 Bxb7 57. Rxb8 Bd5 58. Rd8 Ke4 59. Rh8 Kd3
60. Rh4 Ke3 61. Kd6 Kd3 62. Ke5 Kc3 63. Rh8 Kd3 64. Rc8 Bc4 65. Rc5 Bb3 66. Ra5
Bc4 67. Ra3+ Kd2 68. Rg3 Bd5 69. Kd6 Kc2 70. Rg5 Bc4 71. Kc5 Bb3 72. Rg3 Bd5 73.
Kb4 Kd2 74. Kc5 Kc2 75. Kd6 Kd2 76. Ke5 Ke2 77. Kf4 Kd2 78. Ra3 Ke2 79. Kg3 Bc4
80. Rc3 Bd5 81. Kf4 Kd2 82. Re3 Kc2 83. Kg3 Kd2 84. Kf2 Bc4 85. Ra3 Bd5 86. Kg3
Ke2 87. Kf4 Kd2 88. Rg3 Ke2 89. Ke5 Kd2 90. Kd6 Ke2 91. Kc5 Kd2 92. Rg5 Bb3 93.
Kb4 Bc2 94. Re5 Kd3 95. Rxe6 Kxd4 96. Rd6+ Ke5 97. Kc5 Be4 98. Rd8 Kf4 99. Kd4
Bc6 100. Rf8+ Kg5 101. Ke5 Kg4 102. Kd4 Kg5 103. Ke5 Kg4 104. Rf6 Bb7 105. Rb6
Ba8 106. Kd4 Kf5 107. Rb8 Bg2 108. Rb5+ Kf4 109. Rb2 Ba8 110. Rf2+ Kg5 111. Ke5
Kg4 112. Rf4+ Kg3 113. Kf5 Bc6 114. Kg5 Bd5 115. Rd4 Bc6 116. Rd3+ Kf2 117. Kf4
Ke2 118. Rc3 Bb7 119. Ke5 Kd2 120. Kd4 Ke2 121. Rb3 Ba8 122. Ra3 Bb7 123. Ke5
Kd2 124. Kf4 Ke2 125. Kg3 Kd2 126. Kf2 Bd5 127. Ra5 Bc6 128. Ra6 Bb7 129. Rd6+
Kc3 130. Ke3 Kc4 131. Rb6 Bh1 132. Rh6 Bg2 133. Rh2 Ba8 134. Rc2+ Kd5 135. Kd3
Ke5 136. Kc4 Bd5+ 137. Kc5 Bh1 138. Re2+ Kf4 139. Kd4 Bb7 140. Rf2+ Kg4 141. Ke5
Kg3 142. Rf7 Ba8 143. Rg7+ Kf3 144. Rf7+ Ke3 145. Ra7 Bh1 146. Ra3+ Kd2 147. Kd4
Ke2 148. Rd3 Bb7 149. Rb3 Ba8 150. Ra3 Bb7 151. Ra7 Bc6 152. Rc7 Ba8 153. Rc8
Bb7 154. Rb8 Bc6 155. Rb2+ {Game drawn by the 50 move rule} 1/2-1/2

[Event "Team 45 45 League T65"]
[Site "Internet Chess Club"]
[Date "2015.07.13"]
[Round "6"]
[White "pishd"]
[Black "clarinetref"]
[Result "0-1"]
[WhiteElo "1759"]
[BlackElo "1634"]
[Opening "King's Indian: East Indian defense"]
[ECO "A48"]
[Time "12:31:10"]
[TimeControl "2700+45"]

1. d4 Nf6 2. Nf3 g6 3. e3 Bg7 4. Be2 O-O 5. O-O d6 6. c4 Nbd7 7. Nc3 c6 8. b4
Qc7 9. a4 e5 10. Ba3 Re8 11. Rc1 exd4 12. exd4 Ne4 13. Nxe4 Rxe4 14. Bd3 Re8 15.
Qc2 Nf6 16. h3 Be6 17. Qd2 Qd7 18. d5 cxd5 19. cxd5 Bxd5 20. Bb5 Bc6 21. Bxc6
bxc6 22. Qc2 Rac8 23. Nd4 Nd5 24. Qc4 Nb6 25. Qd3 Nxa4 26. b5 c5 27. Nc6 Nb6 28.
Rcd1 Be5 29. Nxe5 Rxe5 30. Qxd6 Qxd6 31. Rxd6 c4 32. Rfd1 c3 33. Rd8+ Rxd8 34.
Rxd8+ Kg7 35. Rd3 Na4 36. Rd4 Re1+ 37. Kh2 Nb2 38. Rd7 Nc4 39. Be7 c2 40. Bg5 h6
41. Bf4 g5 42. Bc1 Rxc1 43. Rxa7 Rf1 44. Rc7 c1=Q {White resigns} 0-1